Map: Radhuset Station LE

Players

Spirit (souL)

  • Race: Terran Terran
  • League: Master
  • Spawn Location: 1:00

HeroMarine - Winner!

  • Race: Terran Terran
  • Spawn Location: 7:00

Event: IEM Katowice 2024

VOD

Have the link to the VOD?

Description

Time

  • Played on: Dec. 8, 2023, 1:08 p.m.
  • Length: 11:58

All games in this series

Show
View Real Time Build Order
Export as new Build Order

Spirit Terran 

Build Orders: Gas First Reaper Expand 

Get SALT Encoding   

  12  0:00  SCV  
  13  0:12  SCV  
  14  0:18  Supply Depot  
  14  0:24  SCV  
  15  0:30  Refinery  
  15  0:39  SCV  
  16  0:44  Barracks  
  16  0:52  SCV  
  17  1:04  SCV  
  18  1:17  SCV  
  19  1:31  Orbital Command, Reaper  
  20  1:45  Command Center  
  20  1:56  Factory  
  20  2:00  SCV  
  21  2:07  Barracks Reactor  
  21  2:12  SCV  
  21  2:14  Supply Depot  
  22  2:18  Refinery  
  22  2:24  SCV  
  23  2:36  SCV  
  26  2:48  SCV  
  26  2:49  Starport  
  25  2:54  Hellion x2  
  29  3:00  Orbital Command, SCV  
  29  3:03  Barracks Tech Lab  
  30  3:12  SCV  
  31  3:19  Cyclone x2  
  35  3:24  SCV  
  35  3:26  Medivac  
  37  3:29  SCV  
  38  3:36  SCV  
  38  3:41  SCV  
  40  3:45  Supply Depot  
  40  3:49  SCV  
  40  3:53  SCV  
  42  4:01  SCV  
  43  4:05  SCV  
  44  4:10  Raven  
  44  4:11  Interference Matrix  
  44  4:12  Command Center  
  44  4:13  Marine x2, SCV  
  44  4:16  Supply Depot  
  49  4:17  SCV  
  49  4:18  Factory Tech Lab  
  50  4:25  SCV  
  50  4:29  SCV  
  50  4:31  Marine  
  53  4:37  SCV  
  48  4:39  Siege Tank  
  48  4:41  SCV  
  52  4:48  Barracks, Refinery  
  52  4:49  Barracks, SCV, Refinery  
  53  4:53  SCV  
  53  4:57  Raven  
  56  5:01  SCV  
  56  5:05  Engineering Bay x2  
  56  5:06  SCV  
  59  5:13  SCV  
  59  5:18  SCV  
  58  5:24  Factory Tech Lab  
  58  5:25  Orbital Command, SCV  
  59  5:29  Stimpack, Marine  
  59  5:30  SCV  
  59  5:36  Orbital Command  
  59  5:37  SCV  
  59  5:39  Raven  
  59  5:41  Barracks Reactor  
  59  5:42  SCV  
  64  5:50  SCV  
  64  5:51  Terran Infantry Weapons Level 1  
  64  5:54  Barracks, SCV  
  64  5:55  Barracks  
  65  5:59  Supply Depot  
  65  6:01  Terran Infantry Armor Level 1, Marine  
  65  6:02  SCV x2  
  68  6:06  SCV, Marine  
  68  6:09  Marine  
  71  6:14  SCV x2  
  71  6:16  Supply Depot  
  74  6:18  SCV  
  74  6:19  Marine  
  74  6:20  Marine x2  
  74  6:22  Siege Tank, Starport Reactor  
  74  6:23  Supply Depot  
  74  6:24  Marine  
  81  6:26  SCV  
  81  6:27  Marine  
  81  6:28  SCV  
  84  6:33  SCV  
  84  6:38  Marine x2  
  87  6:40  Supply Depot  
  87  6:44  Barracks Reactor, Marine x2  
  87  6:45  Barracks Reactor, SCV  
  87  6:46  SCV x2, Supply Depot  
  92  6:49  Marine  
  93  6:55  Marine, Supply Depot  
  93  6:57  SCV  
  93  6:58  SCV x2, Medivac  
  99  7:04  Marine x2, Supply Depot  
  99  7:07  Armory  
  101  7:09  Combat Shield, SCV, Refinery  
  101  7:10  SCV  
  101  7:11  Refinery  
  101  7:12  Siege Tank  
  106  7:16  SCV  
  106  7:20  Marine  
  106  7:21  SCV, Marine x2  
  111  7:23  Missile Turret, SCV  
  111  7:24  Marine  
  111  7:26  Marine  
  111  7:28  SCV  
  111  7:29  Marine x2  
  117  7:32  Marine  
  117  7:33  SCV  
  117  7:35  Medivac x2  
  124  7:38  Marine x2  
  124  7:42  Marine x2  
  128  7:44  Missile Turret  
  128  7:48  Marine x3  
  130  7:55  Command Center  
  130  7:56  Terran Infantry Weapons Level 2  
  130  7:57  Supply Depot  
  130  7:58  Terran Infantry Armor Level 2  
  130  7:59  Supply Depot  
  130  8:07  Missile Turret  
  130  8:09  Siege Tank, Marine  
  130  8:10  Sensor Tower  
  130  8:11  Marine  
  135  8:16  Marine x5  
  135  8:19  Terran Vehicle Weapons Level 1  
  140  8:21  Supply Depot  
  140  8:23  Supply Depot  
  140  8:25  Medivac  
  140  8:26  Medivac  
  144  8:31  Marine  
  144  8:33  Missile Turret  
  145  8:37  Marine x5  
  145  8:38  SCV  
  145  8:39  SCV  
  152  8:41  SCV  
  152  8:42  Siege Tank  
  152  8:45  Missile Turret  
  156  8:50  SCV  
  156  8:51  SCV  
  156  8:53  SCV  
  156  8:54  Marine x2  
  156  8:55  Marine  
  158  8:56  Sensor Tower, Marine  
  158  8:57  Marine  
  158  9:02  Liberator, SCV  
  164  9:03  Liberator, Factory  
  164  9:05  SCV  
  164  9:08  Planetary Fortress  
  166  9:12  Marine x5  
  166  9:13  SCV  
  166  9:15  Marine  
  172  9:23  SCV x2  
  172  9:24  Command Center  
  174  9:29  Siege Tank  
  174  9:30  Marine x4  
  180  9:32  Marine x2  
  180  9:33  SCV  
  180  9:36  SCV, Refinery  
  180  9:37  Supply Depot  
  184  9:38  Marine  
  184  9:43  Marine  
  185  9:47  Marine  
  185  9:50  Factory Tech Lab  
  186  9:53  Viking  
  186  9:59  Viking, Marine x2  
  192  10:01  Siege Tank  
  192  10:04  Armory  
  192  10:06  Starport, Marine, Refinery  
  196  10:07  Fusion Core, Starport  
  196  10:13  Marine x6  
  195  10:16  Marine x2  
  192  10:24  Marine  
  193  10:31  Marine x3  
  193  10:33  Marine x3  
  193  10:35  Marine  
  197  10:40  Siege Tank  
  200  10:49  Marine  
  163  10:50  Siege Tank, Marine  
  163  10:52  Marine x6  
  163  10:53  Liberator, Marine  
  163  10:55  Viking  
  169  11:07  Marine  
  169  11:08  Marine  
  169  11:10  Marine x6  
  169  11:11  Marine  
  178  11:12  Siege Tank  
  173  11:23  Siege Tank  
  173  11:24  Viking x2, Marine  
  173  11:25  Viking  
  181  11:29  Marine  
  181  11:32  Marine  
  185  11:34  Marine  
  185  11:35  Marine  
Show
View Real Time Build Order
Export as new Build Order

HeroMarine Terran - Winner!

Build Orders: Command Center First 

Get SALT Encoding   

  12  0:00  SCV  
  13  0:12  SCV  
  14  0:17  Supply Depot  
  14  0:24  SCV  
  15  0:39  SCV  
  16  0:51  SCV  
  17  0:59  Command Center  
  17  1:03  SCV  
  18  1:13  Barracks  
  18  1:16  SCV  
  19  1:22  Refinery  
  19  1:28  SCV  
  19  1:31  Refinery  
  20  1:40  SCV  
  21  1:52  SCV  
  22  2:00  Marine  
  23  2:04  Orbital Command  
  23  2:10  Factory  
  23  2:15  Orbital Command  
  23  2:18  Marine  
  24  2:30  SCV  
  24  2:36  Marine  
  26  2:41  SCV  
  26  2:42  SCV  
  27  2:53  Hellion  
  27  2:54  Starport  
  27  2:55  Barracks Reactor, SCV x2  
  31  3:04  Supply Depot  
  31  3:07  SCV x2  
  33  3:14  Cyclone  
  33  3:19  SCV x2  
  37  3:30  Command Center  
  37  3:32  Starport Tech Lab  
  37  3:33  SCV  
  38  3:35  SCV  
  39  3:45  SCV  
  39  3:48  SCV  
  38  3:51  Barracks Tech Lab  
  38  3:53  Raven, Cyclone  
  42  3:55  Refinery  
  42  3:57  Cyclone  
  44  4:04  Supply Depot  
  44  4:06  Interference Matrix  
  44  4:07  SCV x2  
  44  4:11  Marine  
  45  4:19  SCV  
  45  4:24  SCV, Supply Depot  
  42  4:31  SCV  
  42  4:34  Cyclone x2  
  42  4:36  Raven, SCV  
  48  4:43  SCV  
  48  4:45  Orbital Command  
  49  4:49  SCV  
  49  4:51  Stimpack  
  50  4:52  Marine  
  50  4:55  SCV  
  52  5:01  SCV  
  52  5:06  Cyclone x2  
  57  5:07  SCV  
  58  5:14  SCV x2  
  58  5:18  Marine, Refinery  
  58  5:19  SCV  
  62  5:22  Supply Depot  
  62  5:23  Raven  
  62  5:26  SCV x2  
  66  5:32  SCV  
  67  5:38  SCV  
  67  5:39  SCV  
  69  5:44  SCV  
  69  5:46  Barracks x2, Engineering Bay  
  69  5:47  Factory Reactor, Engineering Bay  
  70  5:50  SCV, Marine  
  70  5:55  Orbital Command  
  73  5:57  SCV  
  73  6:03  SCV  
  74  6:05  Barracks  
  74  6:06  Barracks  
  74  6:08  Marine  
  74  6:09  Starport Reactor, SCV  
  76  6:13  Terran Infantry Armor Level 1  
  76  6:14  Terran Infantry Weapons Level 1, Supply Depot  
  76  6:15  SCV  
  77  6:21  SCV x2  
  77  6:25  Missile Turret  
  79  6:26  Marine  
  79  6:27  SCV  
  79  6:32  Combat Shield  
  81  6:33  SCV x2  
  81  6:36  Siege Tank  
  81  6:38  Supply Depot  
  81  6:39  SCV, Supply Depot  
  87  6:41  Refinery  
  87  6:42  Refinery  
  87  6:45  SCV, Medivac x2  
  92  6:47  SCV  
  92  6:53  Barracks Reactor  
  92  6:54  Barracks Reactor  
  93  7:00  SCV x2, Marine x5  
  100  7:06  Sensor Tower  
  100  7:09  SCV, Supply Depot  
  100  7:12  SCV  
  102  7:16  Siege Tank  
  102  7:17  Marine x4  
  109  7:23  Supply Depot  
  109  7:24  Supply Depot  
  109  7:25  Armory, Marine  
  110  7:35  Marine x4, SCV x3  
  110  7:37  Marine x3  
  113  7:38  Medivac x2  
  113  7:41  Marine  
  121  7:45  Marine  
  121  7:46  Supply Depot  
  121  7:47  SCV  
  121  7:48  Siege Tank  
  121  7:50  SCV  
  128  7:53  Marine x3  
  128  7:57  Sensor Tower, Marine x2  
  133  8:01  Factory  
  133  8:02  Marine  
  133  8:03  Marine  
  133  8:04  Marine  
  135  8:09  Barracks Reactor  
  135  8:11  Marine  
  135  8:12  SCV  
  137  8:16  Command Center  
  139  8:21  Siege Tank  
  139  8:24  Terran Infantry Weapons Level 2, Terran Infantry Armor Level 2, SCV  
  141  8:29  SCV x2  
  143  8:37  Marine, Medivac x2  
  143  8:39  Supply Depot  
  149  8:44  Marine, Supply Depot  
  149  8:45  Supply Depot  
  149  8:49  Supply Depot  
  149  8:54  Marine x3  
  149  8:55  Siege Tank  
  155  9:01  Siege Tank  
  158  9:03  Terran Vehicle Weapons Level 1  
  154  9:12  Viking, Marine x8  
  154  9:13  Marine x2  
  154  9:14  Viking  
  154  9:15  SCV x3  
  170  9:27  Siege Tank, SCV x3  
  170  9:30  Marine x4  
  180  9:39  SCV  
  180  9:41  Barracks, Siege Tank  
  180  9:42  Barracks x2, Viking  
  180  9:43  Viking  
  186  9:59  Siege Tank  
  189  10:05  Command Center  
  189  10:07  Sensor Tower  
  189  10:10  Marine x10  
  189  10:13  Planetary Fortress  
  199  10:21  Siege Tank  
  189  10:23  Viking  
  189  10:25  Viking  
  189  10:28  Marine x3  
  192  10:34  SCV x3  
  194  10:36  Marine x2  
  190  10:45  Marine x2  
  190  10:48  SCV x2  
  185  10:50  Siege Tank, SCV x2  
  185  10:52  Marine x2  
  185  10:53  Marine  
  185  10:55  Marine  
  194  11:00  Marine x3  
  194  11:04  SCV x2  
  193  11:05  SCV  
  192  11:22  Siege Tank  
  198  11:34  Barracks Reactor, SCV  
  198  11:35  SCV  

Tags
 
Add a new tag
Caveats
  • Supply blocks, unpowered buildings, or Contaminate may cause inaccurate times.
  • Supply counts are checked every 10 seconds.